 Dungeon Crawl Stone Soup version 0.31-a0-236-g9a0961fb85 (webtiles) character file.

Game seed: 15426581727608976294

27 qw the Shooter (level 2, 0/24 HPs)
             Began as a Minotaur Hexslinger on July 10, 2023.
             Slain by a gnoll
             ... wielding a +0 halberd
              (13 damage)
             ... on level 2 of the Dungeon.
             The game lasted 00:00:18 (580 turns).

qw the Shooter (Minotaur Hexslinger)                 Turns: 580, Time: 00:00:18

Health: 0/24       AC:  3    Str: 12    XL:     2   Next: 93%
Magic:  2/2        EV: 12    Int: 10    God:
Gold:   95         SH:  0    Dex: 12    Spells: 2/3 levels left

rFire   . . .        Y - +1 sling
rCold   . . .        (no shield)
rNeg    . . .        c - +0 robe
rPois   .            (helmet restricted)
rElec   .            (no cloak)
rCorr   .            (no gloves)
SInv    .            h - +0 pair of boots
Will    .....        (no amulet)
Stlth   +            (no ring)
HPRegen 0.24/turn    (no ring)
MPRegen 0.08/turn

%: no passive effects
@: no status effects
A: horns 2, retaliatory headbutt
a: no special abilities


You were on level 2 of the Dungeon.
You visited 1 branch of the dungeon, and saw 2 of its levels.

You collected 95 gold pieces.


Innate Abilities, Weirdness & Mutations

You have a pair of horns on your head.
You reflexively headbutt those who attack you in melee.


   Skills:
 - Level 2.0 Fighting
 + Level 3.5 Ranged Weapons
 - Level 2.1 Dodging
 - Level 1.0 Spellcasting
 - Level 2.0 Hexes


You had 2 spell levels left.
You knew the following spells:

 Your Spells              Type           Power      Damage    Failure   Level
a - Slow                  Hex            16%        N/A       16%         1

Your spell library contained the following spells:

 Spells                   Type           Power      Damage    Failure   Level
 Inner Flame              Hex/Fire       2%         N/A       56%         3
 Portal Projectile        Hex/Tloc       4%         N/A       56%         3
 Cause Fear               Hex            2%         N/A       83%         4

Inventory:

Hand Weapons
 Y - a +1 sling (weapon)
Armour
 a - a +0 leather armour
 c - a +0 robe (worn)
 h - a +0 pair of boots (worn)
Scrolls
 b - a scroll of identify
Potions
 d - a potion of curing {unknown}
 g - a potion of berserk rage {unknown}

Dungeon Overview and Level Annotations

Branches:
Dungeon (2/15)

Altars:

Shops:
D:1 ?


Message History

You shoot a sling bullet. The goblin shouts!
The sling bullet hits the goblin!
You kill the goblin!
Found an escape hatch in the ceiling.
a - a +0 leather armour
Found a stone staircase leading up.
Found a short sword.
b - a scroll of identify A gnoll comes into view.
It is wielding a +0 flail.
The gnoll shouts!
You hear a shout!
You shoot a sling bullet.
The sling bullet closely misses the gnoll.
A gnoll comes into view. It is wielding a +0 halberd.
You shoot a sling bullet.
The sling bullet completely misses the gnoll.
The gnoll shouts!
The sling bullet hits the gnoll!
The gnoll is severely wounded.
An adder comes into view.
You shoot a sling bullet.
The sling bullet hits the gnoll but does no damage.
A gnoll comes into view. It is wielding a +0 whip.
You shoot a sling bullet.
The sling bullet hits the gnoll but does no damage.
You shoot a sling bullet. The sling bullet hits the gnoll.
The gnoll is lightly wounded.
The gnoll closely misses you. The gnoll hits you with a +0 flail.
You shoot a sling bullet.
The sling bullet closely misses the gnoll.
The gnoll closely misses you.
You shoot a sling bullet.
The sling bullet barely misses the gnoll.
The gnoll hits you with a +0 flail. The gnoll closely misses you.
You shoot a sling bullet.
The sling bullet closely misses the gnoll.
The gnoll closely misses you.
The gnoll hits you from afar with a +0 halberd!
Ouch! That really hurt!
You die...

7#..).<....#
...........# # .
#.........# # ..
#.........# # ...##
#.........##### .g.#
###..............
#..##...........####.
#####gS#.#.........####.
......g@............<.>.
######..################
....## ..###. ##


You could see 3 gnolls and an adder.

Vanquished Creatures
  A dart slug (D:2)
  A ball python (D:1)
  A bat (D:1)
  2 endoplasms (D:1)
  2 giant cockroaches (D:1)
  2 goblins
  A hobgoblin (D:1)
  2 quokkas (D:1)
  6 frilled lizards (D:1)
  3 kobolds
  4 rats (D:1)
25 creatures vanquished.

Notes
Turn   | Place    | Note
-------+----------+-------------------------------------------
     0 | D:1      | qw the Minotaur Hexslinger began the quest for the Orb.
     0 | D:1      | Reached XP level 1. HP: 16/16 MP: 1/1
     0 | D:1      | 0 ||| qw: Version: 0.3-a-52-g30416fa
     0 | D:1      | 0 ||| qw: Game counter: 4677
     0 | D:1      | 0 ||| qw: Melee chars always use a shield: true
     0 | D:1      | 0 ||| qw: God list: Okawaru
     0 | D:1      | 0 ||| qw: Allow faded altars: false
     0 | D:1      | 0 ||| qw: Do Orc after clearing Dungeon:15 true
     0 | D:1      | 0 ||| qw: Do second Lair branch before Depths: true
     0 | D:1      | 0 ||| qw: Lair rune preference: random
     0 | D:1      | 0 ||| qw: Goals: Normal
     0 | D:1      | 0 ||| PLANNING D:1-11
    70 | D:1      | 70 ||| FLEEEEING.
    71 | D:1      | 71 ||| FLEEEEING.
    72 | D:1      | 72 ||| FLEEEEING.
    73 | D:1      | 73 ||| FLEEEEING.
   104 | D:1      | Found Dingiy's Magic Scroll Shop.
   109 | D:1      | Reached skill level 3 in Ranged Weapons
   113 | D:1      | 113 ||| SHOPLISTING 2 scrolls of identify (56 gold, have
                  | 15).
   113 | D:1      | 113 ||| SHOPLISTING scroll of identify (28 gold, have 15).
   113 | D:1      | 113 ||| SHOPLISTING scroll of teleportation (42 gold, have
                  | 15).
   117 | D:1      | Reached XP level 2. HP: 23/23 MP: 2/2
   131 | D:1      | Found a faded altar of an unknown god.
   507 | D:1      | 507 ||| UPGRADING to +0 pair of boots.
   512 | D:1      | 512 ||| READING scroll labelled RERITUXOOF.
   513 | D:1      | 513 ||| READING scroll labelled RUREOZXI BORGH.
   514 | D:1      | 514 ||| READING scroll labelled OTWOERUEZ.
   515 | D:1      | 515 ||| READING scroll labelled SIUNAETUMEM.
   516 | D:1      | 516 ||| DROPPING scroll of poison.
   580 | D:2      | Slain by a gnoll

Levels and vault maps discovered:
D:1:      dpeg_arrival_line_fractal, layout_rooms,
          chequers_ecumenical_altar_simple_redux, serial_shops, shop_statue,
          chequers_garden, minmay_misc_feat_enclosed, minmay_lizard_pond
D:2:      cheibrodos_old_hovel, layout_rooms, serial_shops,
          nicolae_shop_rolling_square, serial_bayou_crossing

Skill      XL: |  1  2 |
---------------+-------+-----
Ranged Weapons | 3 |  3.5
Fighting       | 2 |  2.0
Dodging        | |  2.1
Spellcasting   | |  1.0
Hexes          | |  2.0

Action                     || total
---------------------------++-------
   Fire: Sling             ||    65
    Use: Scroll            ||     4
 Armour: Robe              ||     1
  Dodge: Dodged            ||    22

Table legend:
 A = Non-vault XP
 B = Vault XP
 C = Vault XP percentage of total XP
 D = Non-vault monster count
 E = Vault monster count
 F = Vault count percentage of total count
                 A         B        C        D         E       F
            +---------+---------+-------+---------+---------+-------
      Total |      33 |       6 |  15.4 |      19 |       6 |  24.0
            +---------+---------+-------+---------+---------+-------
        D:1 |      25 |       6 |  19.4 |      15 |       6 |  28.6
        D:2 |       8 |       0 |   0.0 |       4 |       0 |   0.0
            +---------+---------+-------+---------+---------+-------
